 Dungeon Crawl Stone Soup version 0.31-a0-133-gaae73658be (webtiles) character file.

Game seed: 6532489758659167687

338 Kenran the Slasher (level 6, -2/56 HPs)
             Began as a Naga Chaos Knight on June 2, 2023.
             Was a Plaything of Xom.
             Slain by a gnoll
             ... wielding a +0 halberd
              (4 damage)
             ... on level 3 of the Dungeon.
             The game lasted 00:03:50 (2268 turns).

Kenran the Slasher (Naga Chaos Knight)              Turns: 2268, Time: 00:03:51

Health: -2/56      AC:  5    Str: 14    XL:     6   Next: 55%
Magic:  6/6        EV:  9    Int: 13    God:    Xom [...*..]
Gold:   147        SH:  0    Dex: 12    Spells: 5/5 levels left

rFire   . . .        i - +3 dagger (drain)
rCold   . . .        (no shield)
rNeg    . . .        b - +2 leather armour
rPois   +            (no helmet)
rElec   .            (no cloak)
rCorr   .            (no gloves)
SInv    +            (no barding)
Will    .....        (no amulet)
Stlth   +            (no ring)
HPRegen 0.29/turn    (no ring)
MPRegen 0.10/turn

%: no passive effects
@: short of breath, very slow
A: AC +2, large, see invisible, deformed body, poison resistance, slowness 2,
spit poison 1, naga tail 1
a: Spit Poison, Renounce Religion


You were on level 3 of the Dungeon.
You worshipped Xom.
You were a favourite toy of Xom.
You visited 1 branch of the dungeon, and saw 3 of its levels.

You collected 147 gold pieces.

Inventory:

Hand Weapons
 a - a +0 falchion of chaos
 i - a +3 dagger of draining (weapon)
Missiles
 h - a throwing net
Armour
 b - a +2 leather armour (worn)
Wands
 d - a wand of flame (7)
Scrolls
 g - a scroll of magic mapping {unknown}
 j - a scroll of vulnerability {unknown}
 o - a scroll of amnesia {unknown}
Potions
 m - a potion of cancellation {unknown}
 n - a potion of attraction {unknown}
Miscellaneous
 c - a piece from Xom's chessboard (14/15) (quivered)


   Skills:
 - Level 3.0 Fighting
 + Level 7.1 Long Blades
 - Level 1.5 Armour
 - Level 0.7 Dodging


You had 5 spell levels left.
You didn't know any spells.
Your spell library contained the following spells:

 Spells                   Type           Power      Damage    Failure   Level
 Scorch                   Fire           0%         2d5       50%         2
 Sublimation of Blood     Necr           0%         N/A       50%         2
 Flame Wave               Conj/Fire      0%         2d4       98%         4
 Petrify                  Tmut/Erth      0%         N/A       98%         4
 Irradiate                Conj/Tmut      0%         3d11      100%        5
 Summon Cactus Giant      Summ           0%         N/A       100%        6


Dungeon Overview and Level Annotations

Branches:
Dungeon (3/15)

Altars:


Innate Abilities, Weirdness & Mutations

Your serpentine skin is tough. (AC +2)
You have supernaturally acute eyesight. (SInv)
Armour fits poorly on your strangely shaped body.
Your system is resistant to poisons. (rPois)
You cover ground very slowly.
You can spit poison.
You have a snake-like lower body.


Message History

The gnoll hits you from afar with a +2 spear of venom.
The helpless gnoll fails to defend itself.
You puncture the gnoll!
You kill the gnoll!
The gnoll hits you from afar with a +2 spear of venom!
You are poisoned.
You feel very sick.
You feel very sick. The gnoll closely misses you.
Aiming: Spit Poison (1% risk of failure)
Press: ? - help, Shift-Dir - straight line, f - gnoll
Aim: a gnoll, wielding a +2 spear of venom (65% to hit)
The splash of poison hits the gnoll!
The gnoll is poisoned.
The gnoll is heavily wounded.
You feel sick.
The gnoll hits you from afar with a +2 spear of venom!
* * * LOW HITPOINT WARNING * * *
It was a potion of magic.
Magic courses through your body.
You feel sick.
The gnoll hits you from afar with a +2 spear of venom.
* * * LOW HITPOINT WARNING * * *
You are lethally poisoned!
It was a potion of curing.
You feel better. The gnoll barely misses you.
You have got your breath back.
The gnoll looks more healthy.
Aiming: Spit Poison (1% risk of failure)
Press: ? - help, Shift-Dir - straight line, f/p - gnoll
Aim: a gnoll, wielding a +2 spear of venom (almost dead, 65% to hit)
The splash of poison misses the gnoll.
The gnoll closely misses you.
The gnoll hits you with a +2 spear of venom.
* * * LOW HITPOINT WARNING * * *
The gnoll hits you from afar with a +0 halberd.
* * * LOW HITPOINT WARNING * * *
You hit the gnoll.
You kill the gnoll!
The gnoll closely misses you. The gnoll hits you with a +0 halberd!
* * * LOW HITPOINT WARNING * * *
The gnoll closely misses you. x2
The gnoll hits you from afar with a +0 halberd.
You die...

∆ #)### ####### #.#..
.......#+## #.'..
..........#################..
..........#..»......##...##..
#........##'#####.###.#.##..
#.....g..##.............##..
#........##.#####...#.####..
#######.###@# #####...## #..
#..gg.# .........###..
#)##### .............. ###
.........####. .........'....
.........##... ########### #.
##...#. .......


You could see 2 gnolls.

Vanquished Creatures
  Sigmund (D:2)
  Natasha (twice) (D:3)
  4 adders
  2 gnolls (D:3)
  A dart slug (D:2)
  5 ball pythons
  3 endoplasms
  4 giant cockroaches (D:1)
  13 goblins
  6 hobgoblins
  A quokka (D:2)
  11 bats
  8 frilled lizards
  11 kobolds
  4 rats
76 creatures vanquished.

Notes
Turn   | Place    | Note
-------+----------+-------------------------------------------
     0 | D:1      | Kenran the Naga Chaos Knight began the quest for the Orb.
     0 | D:1      | Reached XP level 1. HP: 21/21 MP: 1/1
     5 | D:1      | XOM: silly message
   165 | D:1      | Reached XP level 2. HP: 28/28 MP: 2/2
   333 | D:1      | Reached skill level 4 in Long Blades
   359 | D:1      | Reached XP level 3. HP: 30/34 MP: 3/3
   420 | D:1      | Found a faded altar of an unknown god.
  1006 | D:2      | Reached XP level 4. HP: 40/42 MP: 4/4
  1125 | D:2      | XOM: 1-stop teleportation journey
  1152 | D:2      | Reached skill level 5 in Long Blades
  1189 | D:2      | XOM: cloud trail
  1231 | D:2      | Noticed Sigmund
  1244 | D:2      | Killed Sigmund
  1245 | D:2      | Reached skill level 6 in Long Blades
  1245 | D:2      | Reached XP level 5. HP: 33/49 MP: 5/5
  1245 | D:2      | Reached XP level 6. HP: 38/56 MP: 6/6
  1595 | D:2      | XOM: god gift: 4 atropa-tipped darts
  1852 | D:3      | XOM: god gift: 28 gold pieces
  1869 | D:3      | XOM: 2-stop teleportation journey
  1900 | D:3      | Noticed Natasha
  1900 | D:3      | XOM: 1-stop teleportation journey
  1902 | D:3      | XOM: butterfly on damage
  1905 | D:3      | Killed Natasha
  2022 | D:3      | Noticed Natasha
  2035 | D:3      | Killed Natasha
  2036 | D:3      | Reached skill level 7 in Long Blades
  2059 | D:3      | XOM: divination: detect items
  2114 | D:3      | XOM: silly message
  2172 | D:3      | XOM: divination: detect items
  2268 | D:3      | HP: 2/56 [gnoll/+0 halberd (8)]
  2268 | D:3      | Slain by a gnoll

Illustrated notes

Levels and vault maps discovered:
D:1:      onia_arrival_pyramid, layout_loops_ring, basic_ecumenical_altar
D:2:      layout_basic, lexackson_kobold_supper, uniq_sigmund
D:3:      layout_basic, uniq_crazy_yiuf_cottage, uniq_natasha, uniq_robin

Skill      XL: |  1  2  3  4  5  6 |
---------------+-------------------+-----
Long Blades    | 4 6 7 |  7.1
Fighting       | |  3.0
Armour         | |  1.5
Dodging        | |  0.7

Action                     |  1- 3 |  4- 6 || total
---------------------------+-------+-------++-------
  Melee: Falchion          |    97 |       ||    97
         Dagger            |    22 |    74 ||    96
         Punch             |     1 |     2 ||     3
Ability: Spit Poison       |     7 |    12 ||    19
  Evoke: Piece from Xom's  |       |     1 ||     1
    Use: Potion            |       |     4 ||     4
         Scroll            |       |     1 ||     1
   Stab: Paralysed         |       |     1 ||     1
         Sleeping          |       |     1 ||     1
 Armour: Leather armour    |    86 |    30 ||   116
  Dodge: Dodged            |    67 |    45 ||   112

Table legend: (Time is in decaauts)
 A = Elapsed time spent in this place.
 B = Non-inter-level travel time spent in this place.
 C = Inter-level travel time spent in this place.
 D = Time resting spent in this place.
 E = Time spent auto-exploring this place.
 F = Levels seen in this place.
 G = Mean time per level.
                   A        B        C        D        E       F      G
               +--------+--------+--------+--------+--------+-----+--------+
         Total |   2846 |   2804 |     42 |    255 |   1882 |   3 |  948.7 |
       Dungeon |   2846 |   2804 |     42 |    255 |   1882 |   3 |  948.7 |
               +--------+--------+--------+--------+--------+-----+--------+

Top non-repeatable levels by time:
     D:2: 1327 daAuts
     D:1: 951 daAuts
     D:3: 567 daAuts
